 Dungeon Crawl Stone Soup version 0.19.5 (webtiles) character file.

67 MovingMist the Chiller (level 3, -9/26 HPs)
             Began as a Draconian Ice Elementalist on Apr 7, 2017.
             Mangled by an orc priest
             ... wielding a +0 dagger of electrocution
              (18 damage)
             ... on level 3 of the Dungeon.
             The game lasted 00:07:26 (1373 turns).

MovingMist the Chiller (Draconian Ice Elementalist) Turns: 1373, Time: 00:07:26

Health: -9/26      AC:  5    Str: 10    XL:     3   Next: 98%
Magic:  5/7        EV: 12    Int: 16    God:
Gold:   80         SH:  4    Dex: 11    Spells: 2 memorised, 5 levels left

rFire  . . .     SeeInvis .     o - +0 rapier
rCold  . . .     Gourm    .     (armour unavailable)
rNeg   . . .     Faith    .     (no shield)
rPois  .         Spirit   .     (helmet restricted)
rElec  .         Reflect  +     (no cloak)
rCorr  .         Harm     .     (no gloves)
MR     .....                    (no boots)
Stlth  ++........               t - +4 amulet of reflection
                                (no ring)
                                (no ring)

@: very slightly contaminated
A: unfitting armour, cold-blooded, AC +5
a: no special abilities


You were on level 3 of the Dungeon.
You were not hungry.

You visited 1 branch of the dungeon, and saw 3 of its levels.

You collected 80 gold pieces.

Inventory:

Hand Weapons
 d - a +0 club
 j - a +0 dagger
 o - a +0 rapier (weapon)
Jewellery
 t - a +4 amulet of reflection (around neck)
Scrolls
 f - a scroll of random uselessness {unknown}
 i - 2 scrolls of enchant armour {unknown}
 k - a scroll of teleportation {unknown}
 l - a scroll of identify {unknown}
 m - 2 scrolls of recharging {unknown}
 n - 2 scrolls of immolation {unknown}
 r - a scroll of magic mapping {unknown}
Potions
 c - a potion of degeneration {unknown}
 e - a potion of curing {unknown}
 h - a potion of beneficial mutation {unknown}
 q - a potion of resistance {unknown}
 s - a potion of agility {unknown}
Books
 a - a book of Frost

   Spells                             Type                      Level
   a - Freeze                         Ice                          1
   b - Throw Frost                    Conjuration/Ice              2
   c - Ozocubu's Armour               Charms/Ice                   3
   d - Throw Icicle                   Conjuration/Ice              4
   e - Summon Ice Beast               Ice/Summoning                4
Comestibles
 b - 3 bread rations
 p - 2 fruits


   Skills:
 + Level 0.2 Short Blades
 + Level 2.5 Dodging
 - Level 1.7 Stealth
 * Level 3.0 Spellcasting
 - Level 1.0 Conjurations
 + Level 3.5 Ice Magic


You had 5 spell levels left.
You knew the following spells:

 Your Spells              Type           Power        Failure   Level  Hunger
a - Freeze                Ice            ##..         6%          1    #......
b - Throw Frost           Conj/Ice       #.....       12%         2    ##.....


Dungeon Overview and Level Annotations

Branches:
Dungeon (3/15)

Altars:


Innate Abilities, Weirdness & Mutations

Your plain brown scales are hard. (AC +5)
You cannot fit into any form of body armour.
You are cold-blooded and may be slowed by cold attacks.


Message History

Casting: Freeze
Confirm with . or Enter, or press ? or * to list all spells.
Aiming: Freeze
Press: ? - help, Shift-Dir - straight line, f/p - orc
Aim: an orc, wielding a dagger and wearing a leather armour You miscast Freeze.
Nothing appears to happen.
The orc hits you but does no damage.
You hit the orc but do no damage. The orc barely misses you.
You hit the orc.
The orc is heavily wounded.
The orc hits you but does no damage.
You puncture the orc!
You kill the orc!
The orc priest closely misses you.
You hit the orc priest.
Your tail-slap misses the orc priest.
The orc priest is moderately wounded.
The orc priest hits you but does no damage.
You are electrocuted!
Ouch! That really hurt!
You die...

....#.##.........######.
....#.##.........#.......
....###..........#.#.#..#
....# #..............#..#
..#.###......>..##.###..# #
.....##....##...##...#..##.#
..#####.........##.........
..#####....##...##....#.##.
................@oo......#
...........##...##.##%#..#
........... #... #.##.#.?#
................ #.#... ...
................ #.#..#. ###
................ ........
................ ...... ..
................ ...... ...
...........


You could see an orc priest and an orc.

Vanquished Creatures
  An adder (D:3)
  An ooze (D:1)
  A dart slug (D:1)
  2 leopard geckos (D:2)
  An orc (D:3)
  2 ball pythons
  2 giant cockroaches (D:1)
  9 hobgoblins
  3 jackals (D:2)
  6 kobolds
  6 bats
  5 frilled lizards
  2 goblins (D:1)
  4 rats
45 creatures vanquished.

Notes
Turn   | Place    | Note
-------+----------+-------------------------------------------
     0 | D:1      | MovingMist the Draconian Ice Elementalist began the quest for the Orb.
     0 | D:1      | Reached XP level 1. HP: 14/14 MP: 3/3
   376 | D:1      | Reached XP level 2. HP: 11/20 MP: 3/5
   404 | D:1      | Learned a level 2 spell: Throw Frost
   692 | D:1      | Reached XP level 3. HP: 15/26 MP: 4/7
  1373 | D:3      | Mangled by an orc priest

Skill      XL: |  1  2  3 |
---------------+----------+-----
Dodging        | 2 |  2.5
Spellcasting   | 3 |  3.0
Short Blades   | |  0.2
Stealth        | |  1.7
Conjurations   | |  1.0
Ice Magic      | |  3.5

Action                   || total
-------------------------++-------
Melee: Club              ||    39
       Unarmed           ||     9
       Tailslap          ||    13
       Dagger            ||    29
       Rapier            ||    17
 Cast: Freeze            ||    29
       Throw Frost       ||     6
 Stab: Sleeping          ||     3
  Eat: Chunk             ||     2
Armor: Skin              ||    38
Dodge: Dodged            ||    86
